| TOP OF THE 1ST |
|
Brockton Rox batting - Pitching for Chester Pirates : LHP Stan Stirnweiss
|
|
Pitching: LHP Stan Stirnweiss
|
|
|
Batting: RHB Jim Hubbard
|
0-0: Fly out, F3 (Flyball, 3D, EV 80.6 MPH)
|
|
Batting: LHB Carlos Guerra
|
0-0: Ball 1-0: Called Strike 1-1: Ball 2-1: Fly out, F8 (Line Drive, 8RD, EV 108.1 MPH)
|
|
Batting: LHB Jarrett Mordecai
|
0-0: Called Strike 0-1: Ball 1-1: Ball 2-1: Ball 3-1: Called Strike 3-2: Base on Balls
|
|
Batting: RHB Sal Rivera
|
0-0: Called Strike 0-1: Ball 1-1: SINGLE (Flyball, 8RS, EV 93.1 MPH) Jarrett Mordecai to second
|
|
Batting: RHB Alex Melendez
|
0-0: SINGLE (Line Drive, 56D, EV 93.8 MPH) Jarrett Mordecai to third Sal Rivera to second
|
|
Batting: RHB Ted Emmerich
|
0-0: Hit by Pitch Jarrett Mordecai scores Sal Rivera to third Alex Melendez to second
|
|
Batting: LHB John Buff
|
0-0: Ball 1-0: Ball 2-0: Called Strike 2-1: Swinging Strike 2-2: Strikes out swinging
|
| Top of the 1st over - 1 run, 2 hits, 0 errors, 3 left on base; Brockton 1 - Chester 0 |
| BOTTOM OF THE 1ST |
|
Chester Pirates batting - Pitching for Brockton Rox : RHP Graham Jackson
|
|
Pitching: RHP Graham Jackson
|
|
|
Batting: RHB Terrence Wilson
|
0-0: Ball 1-0: Fly out, F9 (Flyball, 89M, EV 85.6 MPH)
|
|
Batting: RHB Tim Moore
|
0-0: Called Strike 0-1: Called Strike 0-2: Foul Ball, location: 2F 0-2: Ball 1-2: Foul Ball, location: 2F 1-2: Ground out 5-3 (Groundball, 56, EV 85.0 MPH)
|
|
Batting: RHB Brandon White
|
0-0: Ball 1-0: Ball 2-0: Called Strike 2-1: SINGLE (Groundball, 56D, EV 99.4 MPH)
|
|
Batting: LHB Carlos Vega
|
0-0: Ball 1-0: Fly out, F8 (Flyball, 8RD, EV 103.1 MPH)
|
| Bottom of the 1st over - 0 runs, 1 hit, 0 errors, 1 left on base; Brockton 1 - Chester 0 |
| TOP OF THE 2ND |
|
Brockton Rox batting - Pitching for Chester Pirates : LHP Stan Stirnweiss
|
|
Batting: RHB Josh Smith
|
0-0: Ball 1-0: Foul Ball, location: 2F 1-1: SINGLE (Flyball, 56D, EV 90.0 MPH)
|
|
Batting: RHB Travis Campbell
|
0-0: Ball 1-0: SINGLE (Line Drive, 8LS, EV 95.6 MPH) Josh Smith to second Runner from 2nd tries for 3rd, SAFE, throw by CF made to third
|
|
Batting: RHB Jim Hubbard
|
0-0: Fly out, F8 (Flyball, 89XD, EV 93.1 MPH) Runner from 3rd tags up, SCORES, no throw by CF
|
|
Batting: LHB Carlos Guerra
|
0-0: Called Strike 0-1: Ball 1-1: Foul Ball, location: 2F 1-2: Strikes out swinging
|
|
Batting: LHB Jarrett Mordecai
|
0-0: Foul Ball, location: 2F 0-1: Ball 1-1: Fly out, F8 (Flyball, 8LXD, EV 97.5 MPH)
|
| Top of the 2nd over - 1 run, 2 hits, 0 errors, 1 left on base; Brockton 2 - Chester 0 |
| BOTTOM OF THE 2ND |
|
Chester Pirates batting - Pitching for Brockton Rox : RHP Graham Jackson
|
|
Batting: RHB Zach Chmieleski
|
0-0: Called Strike 0-1: SINGLE (Groundball, 56, EV 99.4 MPH)
|
|
Batting: LHB Dustin Herman
|
0-0: Ball 1-0: Foul Ball, location: 2F 1-1: Fly out, F9 (Flyball, 9LS, EV 86.9 MPH)
|
|
Batting: SHB Don Hauk
|
0-0: Called Strike 0-1: Ball 1-1: SINGLE (Groundball, 4D, EV 105.0 MPH) Zach Chmieleski to second
|
|
Batting: RHB Frank Elizondo
|
0-0: Foul Ball, location: 2F 0-1: Called Strike 0-2: Strikes out looking
|
|
Batting: RHB Erik Mulligan
|
0-0: Ball 1-0: Fly out, F5 (Flyball, 5D, EV 89.4 MPH)
|
| Bottom of the 2nd over - 0 runs, 2 hits, 0 errors, 2 left on base; Brockton 2 - Chester 0 |
| TOP OF THE 3RD |
|
Brockton Rox batting - Pitching for Chester Pirates : LHP Stan Stirnweiss
|
|
Batting: RHB Sal Rivera
|
0-0: Ball 1-0: Called Strike 1-1: Ball 2-1: Called Strike 2-2: Ball 3-2: Strikes out swinging
|
|
Batting: RHB Alex Melendez
|
0-0: Called Strike 0-1: Ball 1-1: Foul Ball, location: 2F 1-2: Ball 2-2: Strikes out swinging
|
|
Batting: RHB Ted Emmerich
|
0-0: Foul Ball, location: 2F 0-1: Ball 1-1: Ball 2-1: Ball 3-1: Called Strike 3-2: Fly out, F9 (Flyball, 9D, EV 82.5 MPH)
|
| Top of the 3rd over - 0 runs, 0 hits, 0 errors, 0 left on base; Brockton 2 - Chester 0 |
| BOTTOM OF THE 3RD |
|
Chester Pirates batting - Pitching for Brockton Rox : RHP Graham Jackson
|
|
Batting: RHB Terrence Wilson
|
0-0: Ball 1-0: Ball 2-0: Foul Ball, location: 2F 2-1: Ground out 6-3 (Groundball, 6, EV 86.9 MPH)
|
|
Batting: RHB Tim Moore
|
0-0: Called Strike 0-1: Called Strike 0-2: Ball 1-2: Ball 2-2: Strikes out swinging
|
|
Batting: RHB Brandon White
|
0-0: Called Strike 0-1: Foul Ball, location: 2F 0-2: Ball 1-2: Ball 2-2: Fly out, F7 (Line Drive, 7, EV 91.9 MPH)
|
| Bottom of the 3rd over - 0 runs, 0 hits, 0 errors, 0 left on base; Brockton 2 - Chester 0 |
| TOP OF THE 4TH |
|
Brockton Rox batting - Pitching for Chester Pirates : LHP Stan Stirnweiss
|
|
Batting: LHB John Buff
|
0-0: Called Strike 0-1: Foul Ball, location: 2F 0-2: Ball 1-2: Foul Ball, location: 2F 1-2: Ball 2-2: Foul Ball, location: 2F 2-2: Ball 3-2: Strikes out looking
|
|
Batting: RHB Josh Smith
|
0-0: Called Strike 0-1: Foul Ball, location: 2F 0-2: Strikes out swinging, 2-3 out at first.
|
|
Batting: RHB Travis Campbell
|
0-0: Ground out 4-3 (Groundball, 4M, EV 82.5 MPH)
|
| Top of the 4th over - 0 runs, 0 hits, 0 errors, 0 left on base; Brockton 2 - Chester 0 |
| BOTTOM OF THE 4TH |
|
Chester Pirates batting - Pitching for Brockton Rox : RHP Graham Jackson
|
|
Batting: LHB Carlos Vega
|
0-0: Called Strike 0-1: Ball 1-1: Ball 2-1: Foul Ball, location: 2F 2-2: Fly out, F7 (Flyball, 7S, EV 83.1 MPH)
|
|
Batting: RHB Zach Chmieleski
|
0-0: Ball 1-0: Called Strike 1-1: Foul Ball, location: 2F 1-2: Ball 2-2: Ball 3-2: Fly out, F8 (Flyball, 78M, EV 98.8 MPH)
|
|
Batting: LHB Dustin Herman
|
0-0: Foul Ball, location: 2F 0-1: Ball 1-1: Ball 2-1: Ball 3-1: Swinging Strike 3-2: SINGLE (Groundball, 56D, EV 97.5 MPH)
|
|
Batting: SHB Don Hauk
|
0-0: Foul Ball, location: 2F 0-1: Ball 1-1: Ball 2-1: Ground out U3 (Groundball, 3, EV 80.6 MPH)
|
| Bottom of the 4th over - 0 runs, 1 hit, 0 errors, 1 left on base; Brockton 2 - Chester 0 |
| TOP OF THE 5TH |
|
Brockton Rox batting - Pitching for Chester Pirates : LHP Stan Stirnweiss
|
|
Batting: RHB Jim Hubbard
|
0-0: Foul Ball, location: 2F 0-1: Called Strike 0-2: Strikes out looking
|
|
Batting: LHB Carlos Guerra
|
0-0: Ball 1-0: Foul Ball, location: 2F 1-1: Foul Ball, location: 2F 1-2: Strikes out swinging
|
|
Batting: LHB Jarrett Mordecai
|
0-0: Fly out, F8 (Line Drive, 8RD, EV 88.8 MPH)
|
| Top of the 5th over - 0 runs, 0 hits, 0 errors, 0 left on base; Brockton 2 - Chester 0 |
| BOTTOM OF THE 5TH |
|
Chester Pirates batting - Pitching for Brockton Rox : RHP Graham Jackson
|
|
Batting: RHB Frank Elizondo
|
0-0: Ball 1-0: Ground out 5-3 (Groundball, 56S, EV 82.5 MPH)
|
|
Batting: RHB Erik Mulligan
|
0-0: Ball 1-0: Ground out 5-3 (Groundball, 56, EV 92.5 MPH)
|
|
Batting: RHB Terrence Wilson
|
0-0: SINGLE (Line Drive, 4MD, EV 96.3 MPH)
|
|
Batting: RHB Tim Moore
|
0-0: Called Strike Terrence Wilson steals 2nd base 0-1: SINGLE (Groundball, 6MD, EV 106.3 MPH) Terrence Wilson to third Runner from 3rd tries for Home, throw by CF and OUT! 8-2
|
| Bottom of the 5th over - 0 runs, 2 hits, 0 errors, 1 left on base; Brockton 2 - Chester 0 |
| TOP OF THE 6TH |
|
Brockton Rox batting - Pitching for Chester Pirates : LHP Stan Stirnweiss
|
|
Batting: RHB Sal Rivera
|
0-0: Called Strike 0-1: Foul Ball, location: 2F 0-2: Strikes out swinging
|
|
Batting: RHB Alex Melendez
|
0-0: Reached on error, E5 (Groundball, 56S, EV 69.4 MPH)
|
|
Batting: RHB Ted Emmerich
|
0-0: Ball 1-0: Ground out 5-3 (Groundball, 5L, EV 89.4 MPH)
|
|
Batting: LHB John Buff
|
0-0: Foul Ball, location: 2F 0-1: Ball 1-1: Foul Ball, location: 2F 1-2: Foul Ball, location: 2F 1-2: Strikes out swinging
|
| Top of the 6th over - 0 runs, 0 hits, 1 error, 1 left on base; Brockton 2 - Chester 0 |
| BOTTOM OF THE 6TH |
|
Chester Pirates batting - Pitching for Brockton Rox : RHP Graham Jackson
|
|
Batting: RHB Brandon White
|
0-0: Ball 1-0: Swinging Strike 1-1: Fly out, F8 (Line Drive, 8LD, EV 97.5 MPH)
|
|
Batting: LHB Carlos Vega
|
0-0: Ball 1-0: Ball 2-0: Foul Ball, location: 2F 2-1: Ground out 4-3 (Groundball, 4S, EV 85.6 MPH)
|
|
Batting: RHB Zach Chmieleski
|
0-0: Ball 1-0: Called Strike 1-1: Ball 2-1: Ball 3-1: Called Strike 3-2: Foul Ball, location: 2F 3-2: SOLO HOME RUN (Line Drive, 7LD, EV 104.4 MPH), Distance : 388 ft
|
|
Batting: LHB Dustin Herman
|
0-0: Fly out, F8 (Flyball, 8RD, EV 88.1 MPH)
|
| Bottom of the 6th over - 1 run, 1 hit, 0 errors, 0 left on base; Brockton 2 - Chester 1 |
| TOP OF THE 7TH |
|
Brockton Rox batting - Pitching for Chester Pirates : LHP Stan Stirnweiss
|
|
Batting: RHB Josh Smith
|
0-0: Ball 1-0: Called Strike 1-1: Ball 2-1: Called Strike 2-2: Reached on error, E6 (Groundball, 6, EV 100.0 MPH)
|
|
Batting: RHB Travis Campbell
|
0-0: Ball 1-0: Sac Bunt to 5S - play at first, batter OUT! 5-4 Josh Smith to second
|
|
Batting: RHB Jim Hubbard
|
0-0: Ball 1-0: Foul Ball, location: 2F 1-1: Ball 2-1: DOUBLE (Flyball, 8RXD, EV 95.0 MPH) Josh Smith scores
|
|
Batting: LHB Carlos Guerra
|
0-0: Ball 1-0: Ball 2-0: Foul Ball, location: 2F 2-1: Ball 3-1: Base on Balls
|
|
Batting: LHB Jarrett Mordecai
|
0-0: Fly out, F2 (Popup, 2LF, EV 91.3 MPH)
|
|
Batting: RHB Sal Rivera
|
0-0: Ball 1-0: Ball 2-0: Called Strike 2-1: Fly out, F7 (Flyball, 7, EV 87.5 MPH)
|
| Top of the 7th over - 1 run, 1 hit, 1 error, 2 left on base; Brockton 3 - Chester 1 |
| BOTTOM OF THE 7TH |
|
Chester Pirates batting - Pitching for Brockton Rox : RHP Graham Jackson
|
|
Pitching: RHP Joseph Anderson
|
|
|
Batting: SHB Don Hauk
|
0-0: Called Strike 0-1: Foul Ball, location: 2F 0-2: Ball 1-2: Strikes out swinging
|
|
Batting: RHB Frank Elizondo
|
0-0: Ball 1-0: Foul Ball, location: 2F 1-1: Ball 2-1: Ball 3-1: Called Strike 3-2: DOUBLE (Groundball, 5L, EV 95.0 MPH)
|
|
Batting: RHB Erik Mulligan
|
0-0: Ball 1-0: Called Strike 1-1: Foul Ball, location: 2F 1-2: Fly out, F8 (Flyball, 8LD, EV 76.3 MPH)
|
|
Batting: RHB Terrence Wilson
|
0-0: Called Strike 0-1: Called Strike 0-2: Ball 1-2: Ball 2-2: Fly out, F7 (Flyball, 7LM, EV 110.6 MPH)
|
| Bottom of the 7th over - 0 runs, 1 hit, 0 errors, 1 left on base; Brockton 3 - Chester 1 |
| TOP OF THE 8TH |
|
Brockton Rox batting - Pitching for Chester Pirates : LHP Stan Stirnweiss
|
|
Batting: RHB Alex Melendez
|
0-0: Ground out 2-3 (Groundball, 13S, EV 70.6 MPH)
|
|
Batting: RHB Ted Emmerich
|
0-0: Swinging Strike 0-1: Ball 1-1: Ball 2-1: Ground out 6-3 (Groundball, 6, EV 103.8 MPH)
|
|
Batting: LHB John Buff
|
0-0: Ball 1-0: Ball 2-0: Called Strike 2-1: Swinging Strike 2-2: Foul Ball, location: 2F 2-2: Ball 3-2: Strikes out swinging
|
| Top of the 8th over - 0 runs, 0 hits, 0 errors, 0 left on base; Brockton 3 - Chester 1 |
| BOTTOM OF THE 8TH |
|
Chester Pirates batting - Pitching for Brockton Rox : RHP Joseph Anderson
|
|
Pitching: RHP Aaron Brannon
|
|
|
Batting: RHB Tim Moore
|
0-0: Ball 1-0: Called Strike 1-1: Foul Ball, location: 2F 1-2: SOLO HOME RUN (Flyball, 7LD, EV 96.9 MPH), Distance : 358 ft
|
|
Batting: RHB Brandon White
|
0-0: Called Strike 0-1: Ball 1-1: Ball 2-1: Ball 3-1: Foul Ball, location: 2F 3-2: Ground out 4-3 (Groundball, 34, EV 77.5 MPH)
|
|
Batting: LHB Carlos Vega
|
0-0: Called Strike 0-1: Ball 1-1: Foul Ball, location: 2F 1-2: Strikes out looking
|
|
Batting: RHB Zach Chmieleski
|
0-0: Called Strike 0-1: Fly out, F4 (Popup, 34S, EV 83.8 MPH)
|
| Bottom of the 8th over - 1 run, 1 hit, 0 errors, 0 left on base; Brockton 3 - Chester 2 |
| TOP OF THE 9TH |
|
Brockton Rox batting - Pitching for Chester Pirates : LHP Stan Stirnweiss
|
|
Pitching: RHP Steve Kane
|
|
|
Batting: RHB Josh Smith
|
0-0: Called Strike 0-1: Called Strike 0-2: Ball 1-2: Ball 2-2: Strikes out swinging
|
|
Batting: RHB Travis Campbell
|
0-0: Ball 1-0: Ball 2-0: Foul Ball, location: 2F 2-1: Called Strike 2-2: Ball 3-2: Base on Balls
|
|
Batting: RHB Jim Hubbard
|
0-0: Ball 1-0: Ball 2-0: Swinging Strike 2-1: Fly out, F7 (Flyball, 78D, EV 108.1 MPH)
|
|
Batting: LHB Carlos Guerra
|
0-0: Called Strike 0-1: Called Strike 0-2: Ball Travis Campbell is caught stealing 2nd base 2-6
|
| Top of the 9th over - 0 runs, 0 hits, 0 errors, 0 left on base; Brockton 3 - Chester 2 |
| BOTTOM OF THE 9TH |
|
Chester Pirates batting - Pitching for Brockton Rox : RHP Aaron Brannon
|
|
Pitching: RHP Jim Whiteman
|
|
|
Batting: LHB Dustin Herman
|
0-0: Ball 1-0: Ball 2-0: Swinging Strike 2-1: Foul Ball, location: 2F 2-2: Fly out, F7 (Flyball, 7S, EV 93.8 MPH)
|
|
Batting: SHB Don Hauk
|
0-0: Ground out 4-3 (Groundball, 4M, EV 84.4 MPH)
|
|
Batting: RHB Frank Elizondo
|
0-0: Called Strike 0-1: Foul Ball, location: 2F 0-2: Foul Ball, location: 2F 0-2: Ball 1-2: Foul Ball, location: 2F 1-2: Foul Ball, location: 2F 1-2: Foul Ball, location: 2F 1-2: Strikes out swinging
|
| Bottom of the 9th over - 0 runs, 0 hits, 0 errors, 0 left on base; Brockton 3 - Chester 2 |
|